 Dungeon Crawl Stone Soup version 0.30.0-18-gc0e69614cb (webtiles) character file.

Game seed: 13784665521079243600

175 Irreverend the Grave Robber (level 5, -4/28 HPs)
             Began as a Deep Elf Necromancer on May 26, 2023.
             Slain by an orc
             ... wielding a +0 flail
              (7 damage)
             ... on level 3 of the Dungeon.
             The game lasted 00:06:12 (2693 turns).

Irreverend the Grave Robber (Deep Elf Necromancer)  Turns: 2693, Time: 00:06:12

Health: -4/28      AC:  2    Str:  5    XL:     5   Next: 29%
Magic:  7/13       EV: 13    Int: 22    God:
Gold:   187        SH:  0    Dex: 15    Spells: 4/12 levels left

rFire   . . .        i - +1 dagger (venom)
rCold   . . .        (no shield)
rNeg    . . .        a - +0 robe
rPois   .            (no helmet)
rElec   .            (no cloak)
rCorr   .            (no gloves)
SInv    .            (no boots)
Will    .....        (no amulet)
Stlth   ++           (no ring)
HPRegen 0.24/turn    (no ring)
MPRegen 0.13/turn

%: no passive effects
@: no status effects
A: no striking features
a: no special abilities


You were on level 3 of the Dungeon.
You visited 1 branch of the dungeon, and saw 4 of its levels.

You collected 187 gold pieces.

Inventory:

Hand Weapons
 i - a +1 dagger of venom (weapon)
Armour
 a - a +0 robe (worn)
Wands
 t - a wand of polymorph (8)
Scrolls
 c - 6 scrolls of identify {unknown}
 g - 3 scrolls of teleportation {unknown}
 j - a scroll of immolation {unknown}
 l - a scroll of amnesia {unknown}
 o - a scroll of vulnerability {unknown}
 p - a scroll of poison {unknown}
 q - a scroll of enchant armour {unknown}
 r - a scroll of blinking {unknown}
 s - a scroll of fear {unknown}
Potions
 b - a potion of magic
 d - 4 potions of flight {unknown}
 e - a potion of might {unknown}
 f - 2 potions of heal wounds {unknown}
 h - 2 potions of degeneration {unknown}
 k - a potion of brilliance {unknown}
 m - 2 potions of lignification {unknown}
 n - a potion of ambrosia {unknown}


   Skills:
 + Level 3.9 Dodging
 - Level 2.4 Stealth
 + Level 4.4 Spellcasting
 * Level 6.6 Necromancy


You had 4 spell levels left.
You knew the following spells:

 Your Spells              Type           Power      Damage    Failure   Level
a - Necrotise             Necr           100%       1d9       1%          1
b - Vampiric Draining     Necr           34%        2d8       1%          3
c - Animate Dead          Necr           34%        N/A       7%          4

Your spell library contained the following spells:

 Spells                   Type           Power      Damage    Failure   Level
 Lesser Beckoning         Tloc           8%         N/A       16%         2
 Gell's Gravitas          Tloc           4%         N/A       32%         3
 Teleport Other           Tloc           4%         N/A       32%         3
 Agony                    Necr           34%        N/A       19%         5


Dungeon Overview and Level Annotations

Branches:
Dungeon (4/15)
 Temple: D:4-7

Altars:
Cheibriados
Makhleb
Wu Jian

Annotations:
D:2 1 runed translucent door, Crazy Yiuf


Message History

The dead are walking!
You start resting.
Your reaping aura is weakening.
You start resting.
Your reaping aura expires.
You start resting.
HP restored.
You start resting.
Magic restored.
You climb downwards.
Your mindless puppets stay behind to rot.
The orc closely misses you.
The orc hits you with a +2 flail of distortion.
Space warps horribly around you!
Ouch! That really hurt!
* * * LOW HITPOINT WARNING * * *
There is a stone staircase leading up here.
The orc barely misses you. The orc closely misses you.
You climb upwards.
Your orc zombie crumbles into dust! x2
There is a stone staircase leading down here.
Casting: Necrotise (safe; 1% risk of failure)
Confirm with . or Enter, or press ? or * to list all spells.
Aiming: Vampiric Draining (safe; 1% risk of failure)
Press: ? - help, Shift-Dir - straight line, f - orc
Aim: an orc, wielding a +2 flail of distortion and wearing a +0 leather armour You draw life force from the orc.
You feel life coursing into your body.
The orc hits you with a +2 flail of distortion!
* * * LOW HITPOINT WARNING * * *
The orc hits you with a +0 flail.
* * * LOW HITPOINT WARNING * * *
Casting: Vampiric Draining (safe; 1% risk of failure)
Confirm with . or Enter, or press ? or * to list all spells.
Aiming: Vampiric Draining (safe; 1% risk of failure)
Press: ? - help, Shift-Dir - straight line, f/p - orc
Aim: an orc, wielding a +2 flail of distortion and wearing a +0 leather armour (almost dead)
You draw life force from the orc!
You kill the orc!
You feel life coursing into your body. The orc hits you with a +0 flail!
You die...

#.##..#....#.....##
#.#..##....##..#...
####.#..#....†.#..###.
#.ZZ.#.##......##.# #.
#Z####.#........#.# #.
##.# #.#........#.# #.
#..####.##......##.###.
#..(.##o.#......#..##..
##...)@).##....##..##..
#####)...#....#..###..
##..........###...
#.....###.## #.#.
##....#...# ##...
###..#.### #....
#....#####....
#####.#...##.Z..P.
#...#.##..#.....P.


You could see an orc.

Vanquished Creatures
  Natasha (thrice) (D:3)
  2 adders
  A worm (D:2)
  3 dart slugs
  5 orcs (D:3)
  6 ball pythons
  3 endoplasms
  6 giant cockroaches
  9 goblins
  2 hobgoblins (D:1)
  8 kobolds
  4 quokkas
  4 bats
  4 frilled lizards
  2 rats (D:1)
62 creatures vanquished.

Vanquished Creatures (collateral kills)
  A bat (D:1)
  An endoplasm (D:1)
  2 goblins (D:1)
  A rat (D:3)
5 creatures vanquished.

Vanquished Creatures (others)
  A frilled lizard zombie (D:3)
1 creature vanquished.

Grand Total: 68 creatures vanquished

Notes
Turn   | Place    | Note
-------+----------+-------------------------------------------
     0 | D:1      | Irreverend the Deep Elf Necromancer began the quest for the
                  | Orb.
     0 | D:1      | Reached XP level 1. HP: 10/10 MP: 6/6
    19 | D:1      | Reached skill level 5 in Necromancy
    45 | D:1      | Reached XP level 2. HP: 15/15 MP: 1/8
   469 | D:1      | Reached XP level 3. HP: 11/19 MP: 2/10
   560 | D:1      | Learned a level 3 spell: Vampiric Draining
  1095 | D:2      | Found a snail-covered altar of Cheibriados.
  1523 | D:2      | Found a runed translucent door.
  1524 | D:2      | Noticed Crazy Yiuf
  1574 | D:3      | Found an ornate altar of the Wu Jian Council.
  1745 | D:3      | Reached XP level 4. HP: 24/24 MP: 9/11
  1750 | D:3      | Learned a level 4 spell: Animate Dead
  1800 | D:3      | Noticed Natasha
  1804 | D:3      | HP: 1/24 [Natasha (7)]
  1805 | D:3      | Killed Natasha
  1806 | D:3      | Reached skill level 6 in Necromancy
  2030 | D:3      | Found a faded altar of an unknown god.
  2270 | D:3      | Found a burning altar of Makhleb.
  2400 | D:3      | Noticed Natasha
  2412 | D:3      | Killed Natasha
  2413 | D:3      | Reached XP level 5. HP: 28/28 MP: 9/13
  2578 | D:3      | Noticed Natasha
  2591 | D:3      | Killed Natasha
  2693 | D:3      | Slain by an orc

Illustrated notes

Levels and vault maps discovered:
D:1:      saegor_arrival_under_anarchy, layout_rooms
D:2:      layout_loops_ring, basic_altar, uniq_crazy_yiuf_cottage
D:3:      minmay_angry_zag, layout_rooms, mainiacjoe_overflow_boulevard,
          mainiacjoe_overflow_24_doors, ebering_ecumenical_altar_hall,
          minmay_misc_feat_iff, uniq_natasha
D:4:      layout_cave_pods

Skill      XL: |  1  2  3  4 |
---------------+-------------+-----
Necromancy     | 5 6 |  6.6
Dodging        | 3 |  3.9
Spellcasting   | 4 |  4.4
Stealth        | |  2.4

Action                     |  1- 3 |  4- 6 || total
---------------------------+-------+-------++-------
  Melee: Dagger            |     3 |    24 ||    27
   Cast: Necrotise         |    63 |    21 ||    84
         Vampiric Draining |     4 |     5 ||     9
         Animate Dead      |       |     3 ||     3
 Armour: Robe              |     1 |     5 ||     6
  Dodge: Dodged            |    21 |    20 ||    41
